 Dungeon Crawl Stone Soup version 0.28.0-53-g5a82cb258f (webtiles) character file.

Game seed: 12141397715713256622

2749 DildoBatman the Magician (level 10, -4/74 HPs)
             Began as a Formicid Conjurer on July 1, 2022.
             Was a Follower of Kikubaaqudgha.
             Slain by Harold
             ... wielding a +0 hand axe
              (16 damage)
             ... on level 7 of the Dungeon.
             The game lasted 00:21:13 (6291 turns).

DildoBatman the Magician (Formicid Conjurer)        Turns: 6291, Time: 00:21:13

Health: -4/74      AC: 10    Str: 12    XL:     10   Next: 0%
Magic:  7/20       EV: 12    Int: 18    God:    Kikubaaqudgha [*.....]
Gold:   318        SH:  0    Dex: 13    Spells: 4/23 levels left

rFire   . . .      SeeInvis +   b - +1 falchion (protect)
rCold   . . .      Faith    .   (no shield)
rNeg    . . .      Spirit   .   g - +0 robe
rPois   .          Reflect  .   (helmet unavailable)
rElec   .          Harm     .   n - scarf {shadows}
rCorr   .          Rampage  .   f - +0 pair of gloves
Will    ++...                   (no boots)
Stlth   ++........              (no amulet)
HPRegen 0.22/turn               y - ring of willpower
MPRegen 0.17/turn               (no ring)

@: ice-armoured, marked
A: permanent stasis, dig shafts and tunnels, antennae 3, four strong arms
a: Dig, Shaft Self, Renounce Religion, Receive Corpses


You were on level 7 of the Dungeon.
You worshipped Kikubaaqudgha.
Kikubaaqudgha was aware of your devotion.
You visited 2 branches of the dungeon, and saw 8 of its levels.

You collected 342 gold pieces.
You spent 24 gold pieces at shops.

Inventory:

Hand Weapons
 a - a +0 hunting sling
 b - a +1 falchion of protection (weapon)
Missiles
 d - 152 stones
 p - 23 sling bullets
 r - 9 poisoned darts
 u - 93 arrows
 v - a boomerang of dispersal
 D - 43 bolts
Armour
 f - a +0 pair of gloves (worn)
 g - a +0 robe (worn)
 n - a scarf of shadows (worn)
Jewellery
 y - a ring of willpower (left hand)
Wands
 A - a wand of digging (6)
 E - a wand of flame (8)
 G - a wand of acid (12)
Scrolls
 c - 2 scrolls of blinking {unknown}
 e - 2 scrolls of vulnerability {unknown}
 h - a scroll of noise {unknown}
 i - a scroll of fog {unknown}
 j - 4 scrolls of immolation {unknown}
 k - 2 scrolls of magic mapping {unknown}
 m - a scroll of teleportation {unknown}
 o - 4 scrolls of torment {unknown}
 q - a scroll of amnesia {unknown}
 w - a scroll of enchant armour {unknown}
 z - 9 scrolls of identify
Potions
 l - 8 potions of curing {unknown}
 s - a potion of might {unknown}
 t - 2 potions of attraction {unknown}
 x - 2 potions of resistance {unknown}
 B - 2 potions of heal wounds {unknown}
 C - a potion of mutation {unknown}
 F - a potion of brilliance {unknown}


   Skills:
 - Level 5.0 Fighting
 * Level 5.1 Armour
 - Level 1.7 Dodging
 - Level 2.4 Stealth
 - Level 7.0 Spellcasting
 - Level 6.0 Conjurations
 * Level 4.2 Necromancy
 * Level 3.0 Fire Magic
 * Level 4.1 Ice Magic
 * Level 0.0 Earth Magic


You had 4 spell levels left.
You knew the following spells:

 Your Spells              Type           Power      Damage    Failure   Level
a - Searing Ray           Conj           54%        2d6       1%          2
b - Conjure Flame         Conj/Fire      22%        6-21      4%          3
c - Magic Dart            Conj           100%       1d8       1%          1
d - Vampiric Draining     Necr           21%        2d7       5%          3
e - Borgnjor's Vile Clut  Necr/Erth      6%         N/A       77%         5
g - Ozocubu's Armour      Ice            21%        N/A       6%          3
z - Sublimation of Blood  Necr           21%        N/A       2%          2

Your spell library contained the following spells:

 Spells                   Type           Power      Damage    Failure   Level
 Animate Skeleton         Necr           42%        N/A       1%          1
 Pain                     Necr           84%        1d8       1%          1
 Dazzling Flash           Conj/Hex       34%        N/A       10%         3
 Slow                     Hex            24%        N/A       11%         1
 Sticky Flame             Conj/Fire      22%        2d4       17%         4
 Ignite Poison            Fire/Tmut/Pois 9%         N/A       22%         3
 Fulminant Prism          Conj/Hex       8%         3d7       30%         4
 Iskenderun's Mystic Bla  Conj/Tloc      17%        2d5       30%         4
 Confusing Touch          Hex            6%         N/A       32%         3
 Agony                    Necr           21%        N/A       45%         5
 Alistair's Intoxication  Tmut/Pois      4%         N/A       96%         5
 Eringya's Noxious Bog    Tmut/Pois      3%         N/A       100%        6
 Ozocubu's Refrigeration  Ice            10%        4d7       100%        7


Dungeon Overview and Level Annotations

Branches:
Dungeon (7/15)             Temple (1/1) D:4

Altars:
Ashenzari
Cheibriados
Dithmenos
Elyvilon
Fedhas
Gozag
Hepliaklqana
Kikubaaqudgha
Makhleb
Nemelex Xobeh
Okawaru
Qazlal
Ru
Sif Muna
Trog
Uskayaw
Vehumet
Wu Jian
Xom
Yredelemnul
Zin
The Shining One

Shops:
D:5 [   D:7 ?

Annotations:
D:7 exclusion: sensed monster (detected), Dowan, Harold


Innate Abilities, Weirdness & Mutations

You cannot be hasted, slowed, berserked, paralysed or teleported.
You can dig through walls and to a lower floor.
You have a pair of large antennae on your head. (SInv)
Your four strong arms can wield two-handed weapons with a shield.


Message History

You barely miss Harold. You punch Harold.
Harold is moderately wounded.
Harold hits you with a +0 hand axe! Harold gestures at you while chanting.
The mark upon you grows brighter.
Casting: Ozocubu's Armour (dangerous; 6% risk of failure)
Confirm with . or Enter, or press ? or * to list all spells.
Aiming: Vampiric Draining (dangerous; 5% risk of failure)
Press: ? - help, Shift-Dir - straight line, f - Harold
Aim: Harold, wielding a +0 hand axe, wearing a +1 ring mail of willpower and quivering 4 throwing nets (moderately wounded, covered in acid)
You draw life force from Harold!
You feel life coursing into your body. Harold hits you with a +0 hand axe!
Casting: Vampiric Draining (dangerous; 5% risk of failure)
Confirm with . or Enter, or press ? or * to list all spells.
Aiming: Vampiric Draining (dangerous; 5% risk of failure)
Press: ? - help, Shift-Dir - straight line, f/p - Harold
Aim: Harold, wielding a +0 hand axe, wearing a +1 ring mail of willpower and quivering 4 throwing nets (moderately wounded, covered in acid)
You draw life force from Harold.
You feel life coursing into your body. Harold hits you with a +0 hand axe!
Casting: Vampiric Draining (dangerous; 5% risk of failure)
Confirm with . or Enter, or press ? or * to list all spells.
Aiming: Vampiric Draining (dangerous; 5% risk of failure)
Press: ? - help, Shift-Dir - straight line, f/p - Harold
Aim: Harold, wielding a +0 hand axe, wearing a +1 ring mail of willpower and quivering 4 throwing nets (moderately wounded, covered in acid)
You draw life force from Harold!
You feel life coursing into your body. Harold completely misses you.
Casting: Vampiric Draining (dangerous; 5% risk of failure)
Confirm with . or Enter, or press ? or * to list all spells.
Aiming: Vampiric Draining (dangerous; 5% risk of failure)
Press: ? - help, Shift-Dir - straight line, f/p - Harold
Aim: Harold, wielding a +0 hand axe, wearing a +1 ring mail of willpower and quivering 4 throwing nets (heavily wounded, covered in acid)
You draw life force from Harold!
You feel life coursing into your body. Harold hits you with a +0 hand axe!
You die...
Kikubaaqudgha rasps: "You have failed me!
Welcome... death!"

##...###### ##.##
#.# #.# @> ##+## ..
##...## .# ##.....##
### .# ##.......##
##.##.#
#.........####..@#.#
'.........'......@Z#
#........)####...#.#
##.......## ##.#...#
##.....## ###.#.#
##...## ...# ##+##
#.##


{{{{ .# You could see Harold (corroded) and a wyvern zombie (corroded).

Vanquished Creatures
  Pikel (D:7)
  5 yaks
  An orc warrior (D:6)
  A sky beast (D:5)
  4 lemures (D:7)
  2 phantoms
  A bullfrog (D:6)
  3 scorpions
  A wyvern skeleton (D:7)
  A water moccasin skeleton (D:5)
  5 wights (D:7)
  3 howler monkeys
  A centaur zombie (D:7)
  An orc priest (D:5)
  2 jellies (D:6)
  2 centaur skeletons (D:7)
  A gnoll shaman (D:7)
  A hound (D:5)
  2 iguanas
  2 orc wizards (D:4)
  10 adders
  3 gnolls (D:7)
  A howler monkey skeleton (D:7)
  5 white imps
  5 worms
  4 dart slugs
  10 orcs
  5 ball pythons
  6 bats
  5 endoplasms
  3 giant cockroaches (D:1)
  8 goblins
  9 hobgoblins
  6 jackals
  4 quokkas
  2 frilled lizards (D:1)
  7 kobolds
  2 rats
135 creatures vanquished.

Notes
Turn   | Place    | Note
-------+----------+-------------------------------------------
     0 | D:1      | DildoBatman the Formicid Conjurer began the quest for the
                  | Orb.
     0 | D:1      | Reached XP level 1. HP: 13/13 MP: 3/3
    10 | D:1      | Noticed a minotaur zombie
    17 | D:1      | Noticed a merfolk zombie
   207 | D:1      | Reached XP level 2. HP: 19/19 MP: 0/5
   210 | D:1      | Learned a level 2 spell: Searing Ray
   584 | D:2      | Reached XP level 3. HP: 15/24 MP: 3/6
  1041 | D:2      | Reached XP level 4. HP: 29/30 MP: 2/7
  1043 | D:2      | Reached skill level 5 in Conjurations
  1338 | D:3      | Found an ornate altar of the Wu Jian Council.
  1552 | D:3      | Found a broken altar of Ashenzari.
  1671 | D:3      | Reached XP level 5. HP: 36/36 MP: 5/8
  1734 | D:3      | Reached skill level 1 in Fighting
  1734 | D:3      | Reached skill level 1 in Armour
  1852 | D:3      | Found a shadowy altar of Dithmenos.
  2445 | D:4      | Reached XP level 6. HP: 41/44 MP: 5/10
  2513 | D:4      | Found a staircase to the Ecumenical Temple.
  2521 | Temple   | Entered the Ecumenical Temple
  2629 | Temple   | Became a worshipper of Kikubaaqudgha
  3176 | D:4      | Reached skill level 3 in Spellcasting
  3317 | D:4      | You fall into a shaft and drop 1 floor!
  3317 | D:5      | Entered Level 5 of the Dungeon
  3390 | D:5      | Found Utyumaih's Armour Shoppe.
  3403 | D:5      | Reached XP level 7. HP: 36/50 MP: 2/12
  3498 | D:5      | Reached skill level 4 in Spellcasting
  3576 | D:5      | Found a hide-covered altar of Uskayaw.
  3807 | D:5      | Reached skill level 5 in Spellcasting
  3937 | D:5      | Reached * piety under Kikubaaqudgha
  3937 | D:5      | Received a gift from Kikubaaqudgha
  3947 | D:5      | Learned a level 2 spell: Sublimation of Blood
  3951 | D:5      | Learned a level 3 spell: Vampiric Draining
  3955 | D:5      | Learned a level 3 spell: Ozocubu's Armour
  4202 | D:6      | Reached XP level 8. HP: 57/57 MP: 12/16
  4222 | D:6      | Reached skill level 1 in Necromancy
  4222 | D:6      | Reached skill level 1 in Ice Magic
  4255 | D:6      | Found a burning altar of Makhleb.
  4255 | D:6      | Found a hazy altar of Hepliaklqana.
  4362 | D:6      | Noticed a yak
  4363 | D:6      | Noticed a yak
  4387 | D:6      | Noticed a yak
  4388 | D:6      | Noticed a yak
  4389 | D:6      | Killed a yak
  4439 | D:5      | Killed a yak
  4489 | D:6      | Noticed a yak
  4534 | D:6      | Found a bloodstained altar of Trog.
  4639 | D:7      | Reached skill level 6 in Spellcasting
  4785 | D:7      | Noticed Pikel
  5137 | D:6      | Learned a level 3 spell: Conjure Flame
  5414 | D:6      | Found a white marble altar of Elyvilon.
  5429 | D:6      | Found a sparkling altar of Nemelex Xobeh.
  5434 | D:6      | Found an iron altar of Okawaru.
  5476 | D:6      | Reached XP level 9. HP: 64/65 MP: 5/18
  5610 | D:6      | Reached skill level 1 in Fire Magic
  5744 | D:7      | Learned a level 5 spell: Borgnjor's Vile Clutch
  5784 | D:7      | Killed Pikel
  5991 | D:7      | Found Aread's Magic Scroll Shoppe.
  5996 | D:7      | Bought a scroll of identify for 24 gold pieces
  6061 | D:7      | Reached skill level 5 in Armour
  6064 | D:7      | Reached skill level 5 in Fighting
  6069 | D:7      | Reached skill level 7 in Spellcasting
  6069 | D:7      | Reached XP level 10. HP: 45/74 MP: 2/20
  6141 | D:7      | Noticed Dowan
  6275 | D:7      | Noticed Harold
  6289 | D:7      | HP: 3/74 [Harold/+0 hand axe (13)]
  6291 | D:7      | Slain by Harold

Illustrated notes

Levels and vault maps discovered:
D:1:      shiori_arrival_whats_in_store_for_you, layout_basic,
          kennysheep_nondescript
D:2:      layout_basic, chequers_arboretum, serial_bayou_pond_e
D:3:      layout_basic, nicolae_ashenzari_skybound,
          nicolae_wu_jian_wuxing_cycle,
          nicolae_dithmenos_through_a_glass_darkly, minmay_misc_feat_hallway
D:4:      layout_basic, minmay_temple_entry_tees, minmay_pentomino_pile
D:5:      layout_rooms, nicolae_uskayaw_murder_on_the_dancefloor, serial_shops,
          shop, st_stairs_10, kennysheep_generic_room_14
D:6:      layout_rooms, minmay_overflow_temple_hex
D:7:      layout_loops_corners, serial_shops, nicolae_shop_hallway_stairs,
          uniq_pikel, uniq_harold, uniq_duvessa
Temple:   minmay_temple_bridge_abc

Skill      XL: |  1  2  3  4  5  6  7  8  9 |
---------------+----------------------------+-----
Conjurations   | 4 5 6 |  6.0
Fighting       | 1 2 3 5 |  5.0
Armour         | 1 2 3 5 |  5.1
Spellcasting   | 3 5 6 7 |  7.0
Necromancy     | 2 4 |  4.2
Ice Magic      | 2 4 |  4.1
Fire Magic     | 3 |  3.0
Dodging        | |  1.7
Stealth        | |  2.4

Action                   |  1- 3 |  4- 6 |  7- 9 | 10-12 || total
-------------------------+-------+-------+-------+-------++-------
Melee: Rapier            |    25 |    55 |       |       ||    80
       Dagger            |     2 |       |       |       ||     2
       Spear             |     9 |    11 |       |       ||    20
       Falchion          |       |       |    51 |     4 ||    55
       Punch             |       |       |     2 |     1 ||     3
 Fire: Hunting sling     |       |       |    40 |       ||    40
 Cast: Magic Dart        |    30 |    57 |     7 |       ||    94
       Searing Ray       |     5 |    17 |    39 |       ||    61
       Vampiric Draining |       |       |     7 |     4 ||    11
       Ozocubu's Armour  |       |       |     9 |     1 ||    10
       Sublimation of Bl |       |       |     3 |       ||     3
Evoke: Wand              |       |       |       |     1 ||     1
 Stab: Sleeping          |       |     2 |       |       ||     2
Armor: Robe              |     8 |    12 |    41 |     1 ||    62
Dodge: Dodged            |    28 |    48 |    96 |     1 ||   173
